 Dungeon Crawl Stone Soup version 0.32-a0-306-gfed3edf829 (webtiles) character file.

Game seed: 10033117855467425624

42152 pokeman the Eclecticist (level 13, 0/72 HPs)
             Began as a Deep Elf Hedge Wizard on Feb 14, 2024.
             Was a High Priest of Vehumet.
             Shot with a sling bullet by a minotaur (27 damage)
             ... in a Gauntlet.
             The game lasted 00:47:54 (19596 turns).

pokeman the Eclecticist (Deep Elf Hedge Wizard)    Turns: 19596, Time: 00:47:54

Health: 0/72       AC: 14    Str: 10    XL:     13   Next: 83%
Magic:  17/47      EV: 12    Int: 25    God:    Vehumet [*****.]
Gold:   1241       SH:  0    Dex: 14    Spells: 21/51 levels left

rFire   + . .        r - +1 dagger (elec)
rCold   . . .        (no shield)
rNeg    . . .        C - +0 acid dragon scales
rPois   .            T - +0 helmet {SInv}
rElec   .            G - +0 cloak
rCorr   +            h - +0 pair of gloves
SInv    +            g - +2 pair of boots
Will    +....        (no amulet)
Stlth   ++           k - ring "Othroepto" {Wiz rF+ Str+3}
HPRegen 0.32/turn    s - ring of magical power
MPRegen 0.30/turn

%: no teleportation, wizardry (x1)
@: no status effects
A: no striking features
a: Renounce Religion


You were in a Gauntlet.
You worshipped Vehumet.
Vehumet was extremely pleased with you.
You visited 3 branches of the dungeon, and saw 17 of its levels.
You also visited: Sewer, Bailey and Gauntlet.

You collected 1949 gold pieces.
You spent 708 gold pieces at shops.

Inventory:

Hand Weapons
 r - a +1 dagger of electrocution (weapon)
Missiles
 D - 2 throwing nets
Armour
 c - a +1 ring mail of fire resistance
 g - a +2 pair of boots (worn)
 h - a +0 pair of gloves (worn)
 z - the +5 scale mail of Bota {rPois Will- Regen+ Dex+5}
   (You found it in a Gauntlet)

   Dex+5:     It affects your dexterity (+5).
   rPois:     It protects you from poison Will-: It decreases your willpower.
   Regen+:    It increases your rate of health regeneration.
 C - +0 acid dragon scales (worn)
 G - a +0 cloak (worn)
 K - a +2 ring mail of cold resistance
 T - a +0 helmet of see invisible (worn)
 Y - a +2 buckler of protection
Magical Staves
 j - a staff of air
 A - a staff of alchemy
Jewellery
 e - a ring of positive energy
 i - a ring of protection from fire
 k - the ring "Othroepto" (left hand) {Wiz rF+ Str+3}
   (You found it in a Gauntlet)

   [ring of wizardry]

   Wiz:       It improves your spell success rate.
   Str+3:     It affects your strength (+3).
   rF+:       It protects you from fire.
 s - a ring of magical power (right hand)
 y - a ring of ice
Wands
 v - a wand of mindburst (9)
 x - a wand of flame (8)
 H - a wand of acid (11)
Scrolls
 n - 2 scrolls of blinking
 w - 7 scrolls of teleportation
 B - a scroll of vulnerability
 E - a scroll of amnesia {unknown}
 I - a scroll of brand weapon {unknown}
 M - 2 scrolls of immolation {unknown}
 O - 2 scrolls of fog {unknown}
Potions
 a - 2 potions of brilliance {unknown}
 b - 2 potions of attraction {unknown}
 d - 2 potions of magic
 f - 4 potions of curing {unknown}
 m - 7 potions of heal wounds
 o - 2 potions of cancellation {unknown}
 p - 3 potions of enlightenment {unknown}
 q - 4 potions of lignification {unknown}
 t - 3 potions of ambrosia {unknown}
 u - 4 potions of haste
 N - 2 potions of degeneration {unknown}
 P - a potion of resistance {unknown}
 X - a potion of might {unknown}
Miscellaneous
 l - a phantom mirror


   Skills:
 - Level 5.0 Fighting
 - Level 5.1 Armour
 - Level 3.0 Dodging
 - Level 3.0 Stealth
 + Level 5.1 Shields
 * Level 19.8 Spellcasting
 + Level 12.1 Conjurations
 - Level 1.1 Summonings
 - Level 1.1 Translocations
 + Level 11.5 Fire Magic
 - Level 1.1 Air Magic
 - Level 2.1 Earth Magic
 - Level 1.2 Alchemy
 - Level 1.0 Evocations


You had 21 spell levels left.
You knew the following spells:

 Your Spells              Type           Power      Damage    Failure   Level
a - Magic Dart            Conj           100%       1d8       0%          1
b - Mephitic Cloud        Conj/Alch/Air  48%        N/A       1%          3
c - Call Imp              Summ           60%        N/A       1%          2
d - Blink                 Tloc           60%        N/A       1%          2
e - Foxfire               Conj/Fire      100%       2x1d9     0%          1
f - Stone Arrow           Conj/Erth      100%       3d13      1%          3
g - Fireball              Conj/Fire      35%        3d15      1%          5
h - Starburst             Conj/Fire      35%        6d10      1%          6
i - Orb of Destruction    Conj           35%        9d10      1%          7

Your spell library contained the following spells:

 Spells                   Type           Power      Damage    Failure   Level
 Ozocubu's Refrigeration  Ice            12%        4d10      83%         7
 Kiss of Death            Conj/Necr      100%       2d13      1%          1
 Sandblast                Erth           70%        2d15      1%          1
 Slow                     Hex            96%        N/A       1%          1
 Cigotuvi's Dreadful Rot  Necr/Alch/Air  56%        N/A       1%          2
 Dazzling Flash           Conj/Hex       100%       N/A       1%          3
 Passwall                 Erth           35%        N/A       1%          3
 Volatile Blastmotes      Fire/Tloc      100%       2d18      1%          3
 Brom's Barrelling Bould  Conj/Erth      57%        2d7       1%          4
 Ignite Poison            Fire/Alch      54%        N/A       1%          4
 Sticky Flame             Fire/Alch      54%        2d10      1%          4
 Confusing Touch          Hex            24%        N/A       3%          3
 Conjure Ball Lightning   Conj/Air       27%        3x3d8     3%          6
 Dispel Undead            Necr           24%        3d12      11%         4
 Ignition                 Fire           35%        3d11      14%         8
 Summon Forest            Summ/Tloc      15%        N/A       19%         5
 Summon Mana Viper        Hex/Summ       27%        N/A       24%         5
 Summon Cactus Giant      Summ           15%        N/A       69%         6
 Maxwell's Capacitive Co  Air            15%        ∞         99%         8
 Discord                  Hex            12%        N/A       100%        8
 Disjunction              Tloc           15%        N/A       100%        8


Dungeon Overview and Level Annotations

Branches:
Dungeon (13/15)            Temple (1/1) D:6            Lair (3/5) D:11
 Shoals (0/4) Lair:2        Snake (0/4) Lair:2          Orc (0/2) D:9
  Sewer (visited)          Bailey (visited)         Gauntlet (1/1)
 Vaults: D:13-14

Altars:
Ashenzari
Cheibriados
Dithmenos
Elyvilon
Fedhas
Gozag
Hepliaklqana
Kikubaaqudgha
Makhleb
Nemelex Xobeh
Okawaru
Qazlal
Ru
Sif Muna
Trog
Uskayaw
Vehumet
Wu Jian
Xom
Yredelemnul
Zin
The Shining One

Shops:
D:2 [!!   D:3 *   D:4 :   D:12 [

Annotations:
D:7 3 runed translucent doors, Azoth's ghost, novice MDRe; Ceno's ghost, novice GnNe; audacious124's ghost, novice DsNe; timneilson's ghost, novice OpSh
D:8 2 transporters
D:13 Azrael Gauntlet 4 transporters, exclusion: orange crystal statue


Message History

The minotaur shoots a sling bullet.
The sling bullet hits you!
Casting: Fireball (safe; 1% risk of failure)
Confirm with . or Enter, or press ? or * to list all spells.
Aiming: Fireball (safe; 1% risk of failure)
Press: ? - help, Shift-Dir - straight line, f/p - minotaur
Aim: a minotaur, wielding a +2 sling of flaming, wearing a +0 plate armour and quivering javelins (lightly wounded)
The fireball explodes!
The fireball engulfs the minotaur!!
The minotaur is moderately wounded.
The minotaur shoots a sling bullet.
The sling bullet hits you but does no damage.
You close the door.
A minotaur breaks down the door.
The minotaur throws a javelin.
The javelin completely misses you.
Press: ? - help, v - describe, . - travel
Here: a minotaur, wielding a +2 sling of flaming, wearing a +0 plate armour and quivering javelins (moderately wounded)
A broken door.
Unknown command.
Unknown command.
Unknown command.
The minotaur shoots a sling bullet.
The sling bullet misses you.
The minotaur shoots a sling bullet.
The sling bullet hits you. The sling bullet burns you.
Casting: Fireball (safe; 1% risk of failure)
Confirm with . or Enter, or press ? or * to list all spells.
Aiming: Orb of Destruction (dangerous; 1% risk of failure)
Press: ? - help, Shift-Dir - straight line, f/p - minotaur
Aim: a minotaur, wielding a +2 sling of flaming, wearing a +0 plate armour and quivering javelins (moderately wounded)
The minotaur throws a javelin.
The javelin completely misses you.
The minotaur shoots a sling bullet.
The sling bullet hits you but does no damage.
Your orb of destruction hits a metal wall.
Casting: Orb of Destruction (dangerous; 1% risk of failure)
Confirm with . or Enter, or press ? or * to list all spells.
Aiming: Orb of Destruction (dangerous; 1% risk of failure)
Press: ? - help, Shift-Dir - straight line, f/p - minotaur
Aim: a minotaur, wielding a +2 sling of flaming, wearing a +0 plate armour and quivering javelins (moderately wounded)
The minotaur shoots a sling bullet.
The sling bullet hits you but does no damage.
The minotaur shoots a sling bullet.
The sling bullet hits you!!
You die...

###..###########..
#ß#..#........2#.ß
###..#.^.###...#..
#####..#!^..#..^.###
#≈ß≈#..#"#..#©.#.#..
######...#..#©.######.#©.
#...##.ß.#..#|#..#..#.#..
#.#.##...#..#!...#....###
#.#....ß@#..#2^^###^..#..
#.#.##..°#..#....^....#.. ###+
#...##.○.#..###########..
#..⌠.##.#.##.○.#≈.............≈
+⌠....H.#....*.#∩............≈ß
#..H∩##.#.##.©.#§.............≈
#.⌠ #...##...#..###########.. #
#.#.##H..#..#...#.#.Z.#..
#.#....ß.#..#..#...#..#..


You could see a minotaur (ally target) and a green death.

Vanquished Creatures
  Josephine (D:10)
  A catoblepas (Gauntlet)
  A centaur warrior (D:11)
  2 two-headed ogres
  4 death yaks
  A tengu warrior (D:13)
  Urug (D:11)
  5 skeletal warriors (D:12)
  Lodul (D:13)
  2 large abominations (Gauntlet)
  A deep elf zephyrmancer (Bailey)
  An orc knight (Bailey)
  2 deep elf pyromancers
  3 cyclopes
  5 elephants (Lair:1)
  3 black mambas
  A gargoyle (Gauntlet)
  6 cane toads
  A kobold demonologist (D:13)
  3 komodo dragons
  2 rime drakes
  A tengu conjurer (D:13)
  Psyche (D:11)
  7 trolls
  6 blink frogs
  A snapping turtle (Lair:2)
  3 slime creatures (D:12)
  2 centaur simulacra (Gauntlet)
  A vampire (D:12)
  5 wraiths
  2 water elementals
  5 shadows
  A wyvern (D:7)
  46 yaks
  2 basilisks
  A steam dragon (D:8)
  6 vampire mosquitoes (D:11)
  Menkaure (D:5)
  Edmund (D:6)
  2 nagas (Lair:2)
  4 acid dragons
  A hell hound (D:13)
  10 water moccasins
  4 orc warriors (Bailey)
  2 laughing skulls (D:13)
  4 ice beasts
  A sky beast (D:8)
  2 black bears
  8 ogres (D:13)
  5 small abominations (Gauntlet)
  4 centaurs
  2 phantoms (D:5)
  4 wolves
  2 kobold brigands
  6 bullfrogs
  3 gnoll sergeants
  A scorpion (D:4)
  15 wights
  12 killer bees
  4 electric eels
  2 howler monkeys (D:12)
  A jelly (D:7)
  A wyvern simulacrum (Gauntlet)
  3 hounds
  2 bombardier beetles
  A gnoll bouda (D:6)
  2 orc priests (D:5)
  2 sleepcaps
  5 iguanas
  Natasha (thrice) (D:4)
  A hell rat (Sewer)
  8 orc wizards
  14 gnolls
  3 river rats (Sewer)
  14 adders
  A white imp (D:5)
  2 ufetubi (D:6)
  5 ribbon worms
  2 dart slugs
  29 orcs
  4 bats
  7 endoplasms
  5 giant cockroaches
  13 goblins
  4 hobgoblins
  5 jackals
  14 kobolds
  7 quokkas
  12 ball pythons
  A frilled lizard (D:3)
  8 rats
416 creatures vanquished.

Vanquished Creatures (collateral kills)
  A ribbon worm (D:2)
  A kobold (D:2)
2 creatures vanquished.

Vanquished Creatures (others)
  366 foxfires
366 creatures vanquished.

Grand Total: 784 creatures vanquished

Notes
Turn   | Place    | Note
-------+----------+-------------------------------------------
     0 | D:1      | pokeman the Deep Elf Hedge Wizard began the quest for the
                  | Orb.
     0 | D:1      | Reached XP level 1. HP: 10/10 MP: 7/7
   119 | D:1      | Reached XP level 2. HP: 16/16 MP: 5/9
   360 | D:1      | Reached skill level 5 in Spellcasting
   473 | D:1      | Reached XP level 3. HP: 20/20 MP: 8/11
   477 | D:1      | Learned a level 3 spell: Mephitic Cloud
   480 | D:1      | Learned a level 2 spell: Call Imp
   483 | D:1      | Learned a level 2 spell: Blink
   757 | D:1      | Learned a level 3 spell: Stone Arrow
   784 | D:1      | Reached skill level 1 in Fighting
   897 | D:1      | Reached skill level 1 in Armour
  1114 | D:2      | Found a radiant altar of Vehumet.
  1123 | D:2      | Became a worshipper of Vehumet
  1242 | D:2      | Reached XP level 4. HP: 25/25 MP: 10/13
  1585 | D:2      | Found Qanixu's Distillery.
  1606 | D:2      | Found Qiulemocw's Distillery.
  1861 | D:2      | Found Luzxit's Antique Armour Emporium.
  2485 | D:3      | Reached skill level 6 in Spellcasting
  2517 | D:3      | Reached XP level 5. HP: 29/29 MP: 10/15
  2581 | D:3      | Found a glowing silver altar of Zin.
  2683 | D:3      | Found a sacrificial altar of Ru.
  2726 | D:3      | Reached * piety under Vehumet
  2726 | D:3      | Offered knowledge of Sting by Vehumet.
  2922 | D:3      | Found Ining's General Store.
  2945 | D:3      | Found a faded altar of an unknown god.
  3108 | D:4      | Noticed Natasha
  3115 | D:4      | Killed Natasha
  3116 | D:4      | Reached skill level 1 in Evocations
  3116 | D:4      | Noticed Natasha
  3125 | D:4      | Killed Natasha
  3126 | D:4      | Reached skill level 1 in Air Magic
  3126 | D:4      | Reached skill level 1 in Earth Magic
  3126 | D:4      | Reached skill level 1 in Alchemy
  3127 | D:4      | Reached XP level 6. HP: 26/34 MP: 4/17
  3291 | D:4      | Noticed Natasha
  3311 | D:4      | Killed Natasha
  3380 | D:4      | Found Voelawn's Tiny Tomes.
  3395 | D:4      | Bought the Grimoire of Burning for 44 gold pieces
  3397 | D:4      | Learned a level 1 spell: Foxfire
  3479 | D:4      | Found an ornate altar of the Wu Jian Council.
  3479 | D:4      | Found a burning altar of Makhleb.
  3486 | D:4      | Reached skill level 7 in Spellcasting
  3523 | D:4      | Found a radiant altar of Vehumet.
  3526 | D:4      | Found a hide-covered altar of Uskayaw.
  3617 | D:4      | Reached skill level 1 in Fire Magic
  3702 | D:4      | You fall into a shaft and drop 1 floor!
  3702 | D:5      | Entered Level 5 of the Dungeon
  3704 | D:5      | Noticed a water moccasin
  3709 | D:5      | Killed a water moccasin
  3710 | D:5      | Reached XP level 7. HP: 39/39 MP: 15/20
  3750 | D:5      | Offered knowledge of Static Discharge by Vehumet.
  3752 | D:5      | Reached ** piety under Vehumet
  3868 | D:5      | Noticed Menkaure
  3875 | D:5      | Killed Menkaure
  3876 | D:5      | Reached skill level 8 in Spellcasting
  3949 | D:5      | Found a glowing drain.
  3953 | Sewer    | Entered a sewer
  4311 | D:4      | Reached XP level 8. HP: 44/44 MP: 20/22
  4937 | D:5      | Reached skill level 9 in Spellcasting
  5125 | D:5      | Identified the +1 robe of Tortelloni {rElec Str+2 Dex-5}
  5496 | D:5      | Offered knowledge of Scorch by Vehumet.
  5704 | D:6      | Noticed Edmund
  5722 | D:6      | Killed Edmund
  5723 | D:6      | Reached skill level 5 in Conjurations
  5893 | D:6      | Reached skill level 10 in Spellcasting
  5901 | D:6      | Reached *** piety under Vehumet
  6011 | D:6      | Found a sparkling altar of Nemelex Xobeh.
  6011 | D:6      | Found a hazy altar of Hepliaklqana.
  6052 | D:6      | Found a staircase to the Ecumenical Temple.
  6102 | D:6      | Reached XP level 9. HP: 41/48 MP: 17/25
  6378 | D:6      | Offered knowledge of Dazzling Flash by Vehumet.
  6742 | D:7      | Found a glowing golden altar of the Shining One.
  6776 | D:7      | Found a flagged portal.
  6881 | Bailey   | Entered a bailey
  6934 | Bailey   | Reached skill level 11 in Spellcasting
  7145 | Bailey   | Reached skill level 5 in Fire Magic
  7260 | Bailey   | Found a large runed translucent door.
  7260 | Bailey   | Found a large runed translucent door.
  7261 | Bailey   | Noticed a deep elf zephyrmancer
  7263 | Bailey   | Found the +3 Mad Mage's Maulers {Infuse+∞ VampMP -Cast}
  7276 | Bailey   | Noticed an orc knight
  7411 | Bailey   | Killed an orc knight
  7530 | Bailey   | Killed a deep elf zephyrmancer
  7531 | Bailey   | Reached skill level 12 in Spellcasting
  7894 | D:7      | Learned a level 6 spell: Starburst
  7969 | D:7      | Reached XP level 10. HP: 56/56 MP: 7/28
  8205 | D:7      | Found a runed translucent gate.
  8206 | D:7      | Found a runed translucent gate.
  8206 | D:7      | Found a runed translucent gate.
  8206 | D:7      | Noticed audacious124's ghost (novice DsNe)
  8206 | D:7      | Noticed Azoth's ghost (novice MDRe)
  8207 | D:7      | Noticed timneilson's ghost (novice OpSh)
  8209 | D:7      | Noticed Ceno's ghost (novice GnNe)
  8430 | D:7      | Reached **** piety under Vehumet
  8558 | D:8      | Noticed a deep elf pyromancer
  8564 | D:8      | Killed a deep elf pyromancer
  8722 | D:8      | Reached skill level 13 in Spellcasting
  8734 | D:8      | Offered knowledge of Fireball by Vehumet.
  8741 | D:8      | Learned a level 5 spell: Fireball
  9092 | D:8      | Found an ancient bone altar of Kikubaaqudgha.
  9093 | D:8      | Noticed a flayed ghost
  9103 | D:8      | Found a transporter.
  9104 | D:8      | Noticed a skeletal warrior
  9107 | D:8      | Found a transporter.
  9315 | D:8      | Found a basalt altar of Yredelemnul.
 10032 | D:9      | Found a snail-covered altar of Cheibriados.
 10066 | D:9      | Found a staircase to the Orcish Mines.
 10419 | D:9      | Reached skill level 14 in Spellcasting
 10525 | D:9      | Reached skill level 5 in Fighting
 10962 | D:2      | Bought a glowing helmet for 172 gold pieces
 11074 | D:2      | Bought a potion of heal wounds for 60 gold pieces
 11074 | D:2      | Bought 2 potions of heal wounds for 120 gold pieces
 11264 | D:10     | Entered Level 10 of the Dungeon
 11365 | D:10     | Reached XP level 11. HP: 63/63 MP: 11/31
 11508 | D:10     | Noticed Josephine
 11512 | D:10     | Killed Josephine
 11516 | D:10     | Reached skill level 15 in Spellcasting
 12126 | D:11     | Noticed a centaur warrior
 12216 | D:11     | Noticed Psyche
 12218 | D:11     | Killed Psyche
 12385 | D:11     | Killed a centaur warrior
 12386 | D:11     | Reached skill level 16 in Spellcasting
 12389 | D:11     | Reached ***** piety under Vehumet
 12389 | D:11     | Offered knowledge of Sticky Flame by Vehumet.
 12584 | D:11     | Reached XP level 12. HP: 59/68 MP: 11/34
 12586 | D:11     | Noticed Urug
 12752 | D:11     | Found a staircase to the Lair.
 12784 | D:11     | Noticed a two-headed ogre
 12787 | D:11     | Killed a two-headed ogre
 12788 | D:11     | Reached skill level 5 in Armour
 12865 | D:11     | Killed Urug
 13271 | D:12     | Reached skill level 10 in Conjurations
 13655 | D:12     | Reached skill level 1 in Shields
 13705 | D:12     | Found Xacvats's Armour Shop.
 13789 | D:12     | Reached skill level 17 in Spellcasting
 14863 | D:12     | Reached skill level 10 in Fire Magic
 15119 | D:13     | Noticed a two-headed ogre
 15122 | D:13     | Killed a two-headed ogre
 15229 | D:13     | Noticed a tengu warrior
 15232 | D:13     | Killed a tengu warrior
 15233 | D:13     | Reached skill level 18 in Spellcasting
 15353 | D:13     | Noticed Lodul
 15356 | D:13     | Killed Lodul
 15423 | D:13     | Noticed Azrael
 15440 | D:13     | HP: 3/68 [hell hound[Azrael] (6)]
 15659 | D:12     | Identified a scroll of acquirement
 15766 | Temple   | Entered the Ecumenical Temple
 15768 | Temple   | Acquired 1238 gold pieces
 15914 | D:2      | Bought a potion of haste for 120 gold pieces
 15914 | D:2      | Bought a potion of magic for 96 gold pieces
 15914 | D:2      | Bought a potion of mutation for 96 gold pieces
 16165 | Lair:1   | Entered Level 1 of the Lair of Beasts
 16195 | Lair:1   | Reached XP level 13. HP: 72/72 MP: 14/37
 16659 | Lair:1   | Found an iron altar of Okawaru.
 16705 | Lair:1   | Offered knowledge of Orb of Destruction by Vehumet.
 16715 | Lair:1   | Learned a level 7 spell: Orb of Destruction
 17089 | Lair:1   | Reached skill level 19 in Spellcasting
 17606 | Lair:2   | Found a staircase to the Snake Pit.
 18575 | Lair:2   | Found a staircase to the Shoals.
 18888 | Lair:3   | Found a gate leading to a gauntlet.
 18897 | Gauntlet | Entered a Gauntlet
 18897 | Gauntlet | Found a transporter.
 18897 | Gauntlet | Found a transporter.
 18899 | Gauntlet | Found a transporter.
 18901 | Gauntlet | Found a transporter.
 18915 | Gauntlet | Found a transporter.
 18926 | Gauntlet | Noticed a green death
 18980 | Gauntlet | Found a transporter.
 18997 | Gauntlet | Found a transporter.
 19014 | Gauntlet | Found a transporter.
 19021 | Gauntlet | Found a transporter.
 19027 | Gauntlet | Found a transporter.
 19050 | Gauntlet | Found a transporter.
 19091 | Gauntlet | Found a transporter.
 19269 | Gauntlet | Identified the ring "Othroepto" {Wiz rF+ Str+3}
 19287 | Gauntlet | Reached skill level 5 in Shields
 19390 | Gauntlet | Identified the +5 scale mail of Bota {rPois Will- Regen+
                  | Dex+5}
 19502 | Gauntlet | Offered knowledge of Ozocubu's Refrigeration by Vehumet.
 19572 | Gauntlet | Noticed a minotaur
 19596 | Gauntlet | Shot with a sling bullet by a minotaur

Illustrated notes

Levels and vault maps discovered:
D:1:      tarquinn_simple_flora_water_f, layout_basic, st_stairs_5
D:2:      layout_basic, serial_shops, shop, shop, shop, basic_altar
D:3:      layout_loops_cross, general_overflow_altar, lemuel_crystal_altar,
          serial_shops, shop, ebering_ecumenical_altar_webs,
          minmay_fractal_squares_5
D:4:      layout_cave_pods, nicolae_overflow_macrodata_refinement, hex_medium,
          nicolae_shop_i_like_small_books_too, minivault_14, uniq_natasha
D:5:      layout_basic, gup_sewer_entry_bowl, st_stairs_1,
          kennysheep_another_room, uniq_menkaure
D:6:      layout_loops_corners, jmf_multi_god_temple, minmay_temple_entry_mist,
          uniq_edmund
D:7:      layout_basic, mainiacjoe_overflow_paths, enter_bailey_5,
          gammafunk_ghost_cemetery
D:8:      layout_rooms, gammafunk_temple_of_torment, hangedman_minor_gate_pass
D:9:      layout_rooms, mainiacjoe_overflow_concentric_impassable, orc_0_dummy
D:10:     layout_rooms, nicolae_water_bricks, columned_hall_lemuel,
          uniq_josephine
D:11:     layout_rooms, lair_entry_dummy, st_stairs_6, uniq_urug, uniq_psyche
D:12:     layout_basic, serial_shops, nicolae_shop_real_fake_doors,
          serial_bayou_lake_a
D:13:     layout_rooms, kb_tengu_band, uniq_azrael, uniq_lodul
Temple:   eino_temple_lava
Lair:1:   layout_misc_corridors, basic_altar, serial_bayou_shore_b,
          serial_bayou_shore_a, grunt_megastairs_4
Lair:2:   layout_cave_pods, minmay_shoals_entry_hut, guppyfry_snake_entry_garden
Lair:3:   layout_cave_shapes, gauntlet_entry_generic, kennysheep_rathole,
          serial_bayou_shore_b
Gauntlet: gammafunk_gauntlet_shortcut [gammafunk_gauntlet_arena_hedges,
          nicolae_gauntlet_arena_t_cross, nicolae_gauntlet_arena_grate_2,
          nicolae_gauntlet_swirl, gammafunk_gauntlet_arena_crates,
          gammafunk_gauntlet_arena_chambers, gauntlet_exit_hidden_loot]

Skill      XL: |  1  2  3  4  5  6  7  8  9 10 11 12 13 |
---------------+----------------------------------------+-----
Spellcasting   | 5 6 7 8 10 12 14 16 18 19 | 19.8
Fighting       | 1 2 3 5 |  5.0
Armour         | 1 2 3 4 5 |  5.1
Conjurations   | 2 3 4 5 7 8 9 11 12 | 12.1
Stealth        | 3 |  3.0
Dodging        | 3 |  3.0
Evocations     | 1 |  1.0
Air Magic      | 1 |  1.1
Earth Magic    | 1 2 |  2.1
Alchemy        | 1 |  1.2
Fire Magic     | 1 2 4 6 7 9 10 11 | 11.5
Shields        | 3 5 |  5.1
Summonings     | |  1.1
Translocations | |  1.1

Action                     |  1- 3 |  4- 6 |  7- 9 | 10-12 | 13-15 || total
---------------------------+-------+-------+-------+-------+-------++-------
  Melee: Dagger            |     2 |    14 |    38 |    17 |    16 ||    87
   Fire: Sling             |       |    61 |       |       |       ||    61
   Cast: Magic Dart        |    73 |    74 |     3 |     7 |       ||   157
         Mephitic Cloud    |       |     8 |    10 |    15 |       ||    33
         Call Imp          |       |     1 |       |     1 |       ||     2
         Foxfire           |       |    22 |   207 |    24 |       ||   253
         Stone Arrow       |       |       |    29 |    58 |     4 ||    91
         Fireball          |       |       |       |   144 |    64 ||   208
         Blink             |       |       |       |     2 |       ||     2
         Starburst         |       |       |       |    28 |    35 ||    63
         Orb of Destructio |       |       |       |       |     2 ||     2
    Use: Scroll            |       |       |       |     9 |     2 ||    11
   Stab: Confused          |       |     1 |     2 |     3 |       ||     6
 Armour: Robe              |     5 |    24 |    54 |    25 |       ||   108
         Acid dragon scale |       |       |       |    38 |    50 ||    88
  Dodge: Dodged            |     7 |    32 |    61 |    28 |    21 ||   149

Table legend: (Time is in decaauts)
 A = Elapsed time spent in this place.
 B = Non-inter-level travel time spent in this place.
 C = Inter-level travel time spent in this place.
 D = Time resting spent in this place.
 E = Time spent auto-exploring this place.
 F = Levels seen in this place.
 G = Mean time per level.
                   A        B        C        D        E       F      G
               +--------+--------+--------+--------+--------+-----+--------+
         Total |  19698 |  18295 |   1403 |   2006 |  13482 |  20 |  984.9 |
       Dungeon |  15568 |  14200 |   1368 |   1629 |  10638 |  13 | 1197.5 |
        Temple |     30 |     24 |      6 |      0 |      0 |   1 |   30.0 |
          Lair |   2480 |   2452 |     28 |      0 |   2212 |   3 |  826.7 |
         Sewer |    161 |    161 |      0 |      0 |    120 |   1 |  161.0 |
        Bailey |    760 |    760 |      0 |    277 |    231 |   1 |  760.0 |
      Gauntlet |    697 |    697 |      0 |    100 |    280 |   1 |  697.0 |
               +--------+--------+--------+--------+--------+-----+--------+

Top non-repeatable levels by time:
    D:12: 1817 daAuts
     D:7: 1513 daAuts
     D:2: 1460 daAuts
    D:10: 1383 daAuts
     D:4: 1358 daAuts
  Lair:2: 1297 daAuts
     D:5: 1273 daAuts
     D:6: 1253 daAuts
    D:11: 1147 daAuts
  Lair:1: 1132 daAuts
     D:9: 1022 daAuts
     D:1: 1009 daAuts
     D:8: 982 daAuts
     D:3: 948 daAuts
  Bailey: 760 daAuts
